 Dungeon Crawl Stone Soup version bcrawl-1.31.4 (webtiles) character file.

Game seed: 1027786741162520247

139379 Morbidden the Gusty (level 3, -4/21 HPs)
             Began as a Fairy Air Elementalist on May 28, 2021.
             Slain by an iguana (6 damage)
             ... on level 2 of the Dungeon.
             The game lasted 00:00:51 (769 turns).

Morbidden the Gusty (Fairy Air Elementalist)         Turns: 769, Time: 00:00:52

Health: -4/21      AC:  4    Str:  6    XL:     3   Next: 41%
Magic:  9/9        EV: 16    Int: 19    God:
Gold:   159        SH:  4    Dex: 12    Spells: 4/8 levels left

rFire    + . .     SeeInvis .     - Fists (2.4)
rCold    . . .     Gourm    .   (shield restricted)
rNeg     . . .     Faith    .   (armour unavailable)
rPois    .         Spirit   .   (no helmet)
rElec    .         Reflect  .   (no cloak)
rCorr    .         Harm     .   (no gloves)
MR       .....                  (no boots)
Stlth    ..........             (no amulet)
HPRegen  0.07/turn              j - ring of attention (curse)
MPRegen  0.11/turn              m - ring of protection from fire

@: flying evasively
A: small, magic attunement, unstealthy, unfitting armour, able to fly, AC/SH +4
a: Stop Flying


You were on level 2 of the Dungeon.
You were not hungry.

You visited 1 branch of the dungeon, and saw 2 of its levels.

You collected 159 gold pieces.

Inventory:

Missiles
 i - a throwing net {=f}
Jewellery
 j - a cursed ring of attention (left hand)
 m - a ring of protection from fire (right hand)
Scrolls
 k - 2 scrolls of magic mapping {unknown}
 l - a scroll of enchant weapon {unknown}
 n - a scroll of teleportation {unknown}
 o - a scroll of blinking {unknown}
 p - a scroll of fog {unknown}
Potions
 a - a potion of haste {unknown}
 b - a potion of flight
 d - a potion of mutation {unknown}
 f - a potion of curing {unknown}
 g - a potion of berserk rage {unknown}
 h - a potion of resistance {unknown}
Comestibles
 c - 3 chunks of flesh
 e - a ration {!d}


   Skills:
 * Level 3.1 Dodging
 + Level 1.6 Stealth
 * Level 3.3 Spellcasting
 * Level 1.3 Conjurations
 * Level 4.5 Air Magic


You had 4 spell levels left.
You knew the following spells:

 Your Spells              Type           Power        Failure   Level  Hunger
a - Shock                 Conj/Air       ##...        4%          1    None
b - Static Discharge      Air            ###.....     7%          3    None

Your spell library contained the following spells:

 Spells                   Type           Power        Failure   Level  Hunger
 Swiftness                Chrm/Air       ##......     9%          2    None
 Airstrike                Air            ###.......   22%         4    None
 Lightning Bolt           Conj/Air       ##........   77%         5    None


Dungeon Overview and Level Annotations

Branches:
Dungeon (2/12)

Altars:
Yredelemnul
The Shining One


Innate Abilities, Weirdness & Mutations

Your spells do not cause hunger and MP costs are reduced by 1.
Your bright wings attract enemies. (Stealth-)
You cannot fit into any form of body armour.
Your shimmering scales are hard and can block incoming attacks. (AC +4, SH +4)
You are small and have problems with some larger weapons.
You can fly continuously.


Message History

An iguana is nearby!
Casting: Shock (safe; 4% risk of failure)
Confirm with . or Enter, or press ? or * to list all spells.
Aiming: Shock (safe; 4% risk of failure)
Press: ? - help, Shift-Dir - straight line The zap misses the iguana.
The zap hits the iguana but does no damage.
The iguana is severely wounded.
The iguana bites you!
Ouch! That really hurt!
* * * LOW HITPOINT WARNING * * *
An iguana is nearby!
Casting: Shock (safe; 4% risk of failure)
Confirm with . or Enter, or press ? or * to list all spells.
Aiming: Shock (safe; 4% risk of failure)
Press: ? - help, Shift-Dir - straight line The zap hits the iguana.
The iguana is almost dead.
The zap misses the iguana.
The iguana bites you.
You die...

.).##.### ........#
......### ......########
..#..........#
#.).#....###.##
###.#.##......##
...............#######..
###..#.######...@.....#
####.#.#########l.....#
.............. .........
#####..#########........
#......#.....##########.
..............##
...............#
...............#
........รท......#


You could see an iguana.

Vanquished Creatures
  A worm (D:2)
  3 dart slugs
  2 bats (D:2)
  A giant cockroach (D:2)
  2 goblins (D:1)
  5 hobgoblins
  2 jackals (D:1)
  A quokka (D:2)
  A ball python (D:1)
  4 frilled lizards
  2 kobolds (D:1)
  4 rats
28 creatures vanquished.

Notes
Turn   | Place    | Note
-------+----------+-------------------------------------------
     0 | D:1      | Morbidden the Fairy Air Elementalist began the quest for
                  | the Orb.
     0 | D:1      | Reached XP level 1. HP: 11/11 MP: 6/6
    76 | D:1      | Reached skill level 4 in Air Magic
    81 | D:1      | Reached XP level 2. HP: 17/17 MP: 7/7
   464 | D:1      | Reached XP level 3. HP: 21/21 MP: 9/9
   468 | D:1      | Learned a level 3 spell: Static Discharge
   674 | D:2      | Found a glowing golden altar of the Shining One.
   677 | D:2      | Noticed an angel
   695 | D:2      | Found a basalt altar of Yredelemnul.
   698 | D:2      | Noticed a profane servitor
   769 | D:2      | Slain by an iguana

Skill      XL: |  1  2 |
---------------+-------+-----
Air Magic      | 4 |  4.5
Spellcasting   | 3 |  3.3
Dodging        | 3 |  3.1
Stealth        | |  1.6
Conjurations   | |  1.3

Action                   || total
-------------------------++-------
 Cast: Shock             ||    67
Dodge: Dodged            ||     3
